 Dungeon Crawl Stone Soup version 0.28.0-43-g3370ac3207 (webtiles) character file.

Game seed: 11795361243762225858

217 Peloso the Slasher (level 5, -2/47 HPs)
             Began as a Minotaur Fighter on Mar 23, 2022.
             Slain by a scorpion (3 damage)
             ... on level 3 of the Dungeon.
             The game lasted 00:02:48 (2567 turns).

Peloso the Slasher (Minotaur Fighter)               Turns: 2567, Time: 00:02:50

Health: -2/47      AC:  9    Str: 21    XL:     5   Next: 61%
Magic:  4/4        EV:  7    Int:  5    God:
Gold:   103        SH:  5    Dex: 11    Spells: 4/4 levels left

rFire   . . .      SeeInvis .   a - +0 long sword
rCold   . . .      Faith    .   c - +0 buckler
rNeg    . . .      Spirit   .   n - +0 chain mail
rPois   .          Reflect  .   (helmet restricted)
rElec   .          Harm     .   (no cloak)
rCorr   .          Rampage  .   (no gloves)
Will    .....                   (no boots)
Stlth   ..........              (no amulet)
HPRegen 0.15/turn               (no ring)
MPRegen 0.09/turn               (no ring)

@: lethally poisoned (-2 -> -3)
A: horns 2, retaliatory headbutt
a: no special abilities


You were on level 3 of the Dungeon.
You visited 1 branch of the dungeon, and saw 4 of its levels.

You collected 103 gold pieces.

Inventory:

Hand Weapons
 a - a +0 long sword (weapon)
Armour
 b - a +0 scale mail
 c - a +0 buckler (worn)
 n - a +0 chain mail (worn)
Scrolls
 e - 8 scrolls of identify {unknown}
 f - a scroll of fear {unknown}
 g - 2 scrolls of teleportation {unknown}
 i - a scroll of immolation {unknown}
 j - a scroll of blinking {unknown}
 l - a scroll of torment {unknown}
 m - a scroll of fog {unknown}
Potions
 d - a potion of might
 h - a potion of curing {unknown}
 k - a potion of flight {unknown}


   Skills:
 + Level 4.5 Fighting
 + Level 4.9 Long Blades
 + Level 4.9 Armour
 + Level 1.0 Dodging
 + Level 0.1 Stealth
 + Level 4.4 Shields


You had 4 spell levels left.
You didn't know any spells.
Your spell library contained the following spells:

 Spells                   Type           Power      Damage    Failure   Level
 Passage of Golubria      Tloc           0%         N/A       100%        4
 Silence                  Hex/Air        0%         N/A       100%        5
 Lehudib's Crystal Spear  Conj/Erth      0%         10d2      100%        8


Dungeon Overview and Level Annotations

Branches:
Dungeon (4/15)
 Temple: D:4-7

Altars:

Shops:
D:1 *(?(


Innate Abilities, Weirdness & Mutations

You have a pair of horns on your head.
You reflexively headbutt those who attack you in melee.


Message History

The scorpion stings you.
You barely miss the scorpion. Your headbutt misses the scorpion.
The scorpion is moderately wounded.
The scorpion stings you.
You are poisoned.
The scorpion poisons you! The scorpion stings you!
You hit the scorpion.
The scorpion is moderately wounded.
You feel very sick. The scorpion stings you.
You hit the scorpion but do no damage. You headbutt the scorpion.
The scorpion is moderately wounded.
You feel sick. The scorpion closely misses you. x2
You hit the scorpion.
You headbutt the scorpion, but do no damage.
The scorpion is heavily wounded.
You feel sick.
The scorpion stings you but does no damage.
You closely miss the scorpion.
You headbutt the scorpion, but do no damage.
The scorpion is heavily wounded.
You feel sick. The scorpion stings you!
* * * LOW HITPOINT WARNING * * *
The scorpion stings you but does no damage.
You hit the scorpion.
You headbutt the scorpion, but do no damage.
The scorpion is severely wounded.
You feel sick.
The scorpion stings you but does no damage.
You hit the scorpion.
The scorpion is almost dead.
You feel sick.
The scorpion stings you but does no damage.
You hit the scorpion but do no damage.
You headbutt the scorpion, but do no damage.
The scorpion is almost dead.
You feel sick. The scorpion stings you.
* * * LOW HITPOINT WARNING * * *
The scorpion stings you.
You die...

..## ##.###.##### ###
##...##......
######.....#......
#############.............###.
## #..)).........####.....####
#. .###<##########..# ##...##
## .##...##### #..# ##.##
............ #..# #.#
###...#####. #.@# #.# ##.##
#.......s...... #.#
#.####.######## .#. #.# # ##
#. .. ##


You could see a scorpion.

Vanquished Creatures
  A scorpion (D:4)
  Jessica (D:2)
  4 gnolls (D:3)
  2 adders (D:2)
  3 worms (D:2)
  2 orcs
  6 endoplasms
  3 giant cockroaches
  5 goblins
  4 hobgoblins
  10 jackals
  4 kobolds
  3 quokkas
  5 ball pythons
  5 bats
  2 frilled lizards
  4 rats
64 creatures vanquished.

Notes
Turn   | Place    | Note
-------+----------+-------------------------------------------
     0 | D:1      | Peloso the Minotaur Fighter began the quest for the Orb.
     0 | D:1      | Reached XP level 1. HP: 19/19 MP: 0/0
     9 | D:1      | Found Tucam's Weapon Shoppe.
   135 | D:1      | Found Faifo's Magic Scroll Boutique.
   252 | D:1      | Found Puusal's Assorted Antiques.
   293 | D:1      | Reached XP level 2. HP: 26/27 MP: 1/1
   665 | D:1      | Found Wacul's Antique Weapon Boutique.
  1023 | D:2      | Reached XP level 3. HP: 33/33 MP: 2/2
  1061 | D:2      | Noticed Jessica
  1063 | D:2      | Killed Jessica
  1120 | D:2      | Reached XP level 4. HP: 40/40 MP: 3/3
  1124 | D:2      | Found a faded altar of an unknown god.
  2088 | D:3      | You fall into a shaft and drop 1 floor!
  2154 | D:4      | Noticed a scorpion
  2168 | D:4      | Killed a scorpion
  2169 | D:4      | Reached XP level 5. HP: 41/47 MP: 4/4
  2540 | D:3      | Reached skill level 1 in Dodging
  2567 | D:3      | HP: 1/47 [scorpion (6)]
  2567 | D:3      | Slain by a scorpion

Illustrated notes

Levels and vault maps discovered:
D:1:      minmay_arrival_four_circles, layout_loops_corners, serial_shops,
          nicolae_shop_bloodbath_and_beyond, shop_fountains, shop,
          nicolae_shop_hallway_plus
D:2:      layout_loops_ring, basic_ecumenical_altar, uniq_jessica
D:3:      layout_loops_ring, st_stairs_9, minmay_misc_feat_cross,
          grunt_ministairs_9, uniq_sigmund
D:4:      layout_basic, mainiacjoe_overflow_small_starburst, fedhas_altar_1

Skill      XL: |  1  2  3  4  5 |
---------------+----------------+-----
Shields        | 4 |  4.4
Armour         | 4 |  4.9
Fighting       | 4 |  4.5
Long Blades    | 3 4 |  4.9
Dodging        | 1 |  1.0
Stealth        | |  0.1

Action                   |  1- 3 |  4- 6 || total
-------------------------+-------+-------++-------
Melee: Long sword        |    80 |    73 ||   153
       Headbutt          |    12 |    11 ||    23
Armor: Scale mail        |    42 |    17 ||    59
       Chain mail        |       |     5 ||     5
Dodge: Dodged            |    36 |    32 ||    68
Block: Buckler           |    31 |    13 ||    44
